 Dungeon Crawl Stone Soup version 0.19-a0-1714-gcab94ab (webtiles) character file.

233 Theye the Slasher (level 6, 0/56 HPs)
             Began as a Naga Fighter on Sept 28, 2016.
             Splashed by a jelly's acid (7 damage)
             ... on level 4 of the Dungeon.
             The game lasted 00:03:48 (2879 turns).

Theye the Slasher (Naga Fighter)                    Turns: 2879, Time: 00:03:49

Health: 0/56       AC: -5    Str: 19    XL:     6   Next: 4%
Magic:  15/15      EV:  5    Int:  8    God:
Gold:   108        SH: 13    Dex: 12    Spells: 0 memorised, 5 levels left

rFire  . . .     SeeInvis +     a - +0 long sword
rCold  . . .     Gourm    .     s - +1 ring mail {MR+}
rNeg   . . .     Faith    .     i - +0 large shield
rPois  +         Spirit   .     d - +2 helmet
rElec  .         Dismiss  .     (no cloak)
rCorr  .         Reflect  .     (no gloves)
MR     +....     Harm     .     (no barding)
Stlth  ++........               (no amulet)
                                x - ring of stealth
                                e - ring of magical power

@: corroded, very slow
A: see invisible, deformed body, poison resistance, slowness 2, slow metabolism
1, spit poison 1, AC +2
a: Spit Poison


You were on level 4 of the Dungeon.
You were not hungry.

You visited 1 branch of the dungeon, and saw 4 of its levels.

You collected 177 gold pieces.
You spent 69 gold pieces at shops.

Inventory:

Hand Weapons
 a - a +0 long sword (weapon)
Armour
 b - a +0 scale mail
 d - a +2 helmet (worn)
 i - a +0 large shield (worn)
 s - a +1 ring mail of magic resistance (worn)
Jewellery
 e - a ring of magical power (left hand)
 x - a ring of stealth (right hand)
Scrolls
 g - 2 scrolls of remove curse
 j - a scroll of recharging {unknown}
 p - a scroll of amnesia {unknown}
 t - 2 scrolls of identify
 v - a scroll of enchant weapon {unknown}
Potions
 c - 2 potions of lignification {unknown}
 h - a potion of curing
 k - a potion of brilliance {unknown}
 n - a potion of cure mutation
 q - a potion of cancellation
 u - a potion of berserk rage {unknown}
 w - 2 potions of degeneration {unknown}
Comestibles
 f - 2 bread rations
 l - 4 meat rations
 m - 8 fruits
 o - 2 beef jerkies
 r - a royal jelly


   Skills:
 + Level 3.4 Fighting
 * Level 4.2 Long Blades
 + Level 2.8 Armour
 + Level 0.7 Dodging
 * Level 3.6 Shields


You had 5 spell levels left.
You didn't know any spells.

Dungeon Overview and Level Annotations

Branches:
Dungeon (4/15)
 Temple: D:4-7

Altars:
The Shining One

Shops:
D:4 *

Annotations:
D:3 Sigmund


Innate Abilities, Weirdness & Mutations

You cannot wear boots.
Your serpentine skin is tough. (AC +2)
You have supernaturally acute eyesight. (SInv)
Armour fits poorly on your strangely shaped body.
Your system is resistant to poisons. (rPois)
You cover ground very slowly.
You have a slow metabolism.
You can spit poison.


Message History

The jelly is almost dead.
The adder skeleton barely misses you.
You hit the jelly but do no damage. The acid corrodes you!
Your hands burn!
* * * LOW HITPOINT WARNING * * *
The jelly is almost dead.
The jelly barely misses you. The adder skeleton bites you.
* * * LOW HITPOINT WARNING * * *
You are too injured to fight recklessly!
You are too injured to fight recklessly!
You are too injured to fight recklessly!
You feel better. You block the jelly's attack. The adder skeleton bites you.
* * * LOW HITPOINT WARNING * * *
Unknown command.
You hit the jelly but do no damage. The acid corrodes you!
Your hands burn!
* * * LOW HITPOINT WARNING * * *
The jelly is almost dead.
The jelly hits you.
* * * LOW HITPOINT WARNING * * *
You are splashed with acid!
The acid burns!
You die...

.. .. #### .# ##
..[#.###..# #........
##...... #...JZ#
##@.###### #.........
#......... #####..####+##
#######
##..##..##....###......
#....................#.
#....#...............#.
#....#............<..#.
#####'#######.####...####


You could see a jelly and an adder skeleton.

Vanquished Creatures
  An orc wizard (D:4)
  An iguana (D:4)
  2 worker ants (D:4)
  Robin (D:2)
  5 adders
  A worm (D:2)
  2 dart slugs
  2 leopard geckos
  7 orcs
  A giant cockroach (D:2)
  8 hobgoblins
  3 jackals (D:2)
  2 kobolds (D:1)
  A quokka (D:2)
  A ball python (D:3)
  3 bats
  3 frilled lizards
  15 goblins
  A jackal skeleton (D:4)
  8 rats
68 creatures vanquished.

Notes
Turn   | Place    | Note
-------+----------+-------------------------------------------
     0 | D:1      | Theye the Naga Fighter began the quest for the Orb.
     0 | D:1      | Reached XP level 1. HP: 21/21 MP: 1/1
   190 | D:1      | Reached XP level 2. HP: 25/28 MP: 2/2
   760 | D:2      | Reached XP level 3. HP: 33/34 MP: 3/3
   784 | D:2      | Noticed Robin
   796 | D:2      | Killed Robin
   974 | D:2      | Reached XP level 4. HP: 37/42 MP: 4/4
  1107 | D:2      | Reached skill level 3 in Long Blades
  1560 | D:2      | Found a glowing golden altar of the Shining One.
  1614 | D:3      | Noticed Sigmund
  2173 | D:4      | Reached XP level 5. HP: 44/49 MP: 5/5
  2223 | D:4      | Found Duta's Assorted Antiques.
  2233 | D:4      | Bought a potion of curing for 69 gold pieces
  2425 | D:4      | Reached skill level 4 in Long Blades
  2695 | D:4      | Reached XP level 6. HP: 39/56 MP: 6/6
  2879 | D:4      | Splashed by a jelly's acid

Vault maps used:
D:1:      ncdulo_smallfort
D:2:      lemuel_coloured_pillars_altar, uniq_robin
D:3:      first_bread, uniq_sigmund
D:4:      serial_shops, shop_statue

Skill      XL: |  1  2  3  4  5 |
---------------+----------------+-----
Shields        | 3 |  3.6
Long Blades    | 3 4 |  4.2
Fighting       | |  3.4
Armour         | |  2.8
Dodging        | |  0.7

Action                   |  1- 3 |  4- 6 || total
-------------------------+-------+-------++-------
Melee: Long sword        |   104 |   196 ||   300
 Abil: Spit Poison       |       |     1 ||     1
  Use: Potion            |     2 |     2 ||     4
       Scroll            |       |     3 ||     3
  Eat: Chunk             |       |     5 ||     5
Armor: Scale mail        |    36 |    23 ||    59
       Ring mail         |       |    57 ||    57
Dodge: Dodged            |    11 |    46 ||    57
Block: Large shield      |    56 |   166 ||   222
       Shield            |     5 |       ||     5
